 Seeded DCSS version 0.28-a0-909-g796cbd3a86 (webtiles) character file.

Game seed: 20211125 (custom seed)

88 a11behringer the Cudgeller (level 4, 0/28 HPs)
             Began as a Gargoyle Berserker on Nov 25, 2021.
             Was a Follower of Trog.
             Slain by Natasha (4 damage)
             ... on level 3 of the Dungeon.
             The game lasted 00:06:30 (1573 turns).

a11behringer the Cudgeller (Gargoyle Berserker)     Turns: 1573, Time: 00:06:31

Health: 0/28       AC:  9    Str: 22    XL:     4   Next: 53%
Magic:  0/4        EV: 11    Int:  7    God:    Trog [*.....]
Gold:   53         SH:  0    Dex:  9    Spells: 3/3 levels left

rFire   . . .      SeeInvis .   a - +0 mace
rCold   . . .      Faith    .   (no shield)
rNeg    + . .      Spirit   +   e - +0 ring mail
rPois   ∞          Reflect  .   (no helmet)
rElec   +          Harm     .   (no cloak)
rCorr   .          Rampage  .   (no gloves)
Will    .....                   (no boots)
Stlth   ..........              c - amulet of guardian spirit
HPRegen 0.09/turn               (no ring)
MPRegen 0.09/turn               (no ring)

@: on berserk cooldown, slowed, very slow
A: sickness immunity, AC +3, negative energy resistance 1, electricity
resistance, torment resistance 1, petrification resistance
a: Renounce Religion, Berserk


You were on level 3 of the Dungeon.
You worshipped Trog.
Trog was aware of your devotion.
You visited 1 branch of the dungeon, and saw 4 of its levels.

You collected 53 gold pieces.

Inventory:

Hand Weapons
 a - a +0 mace (weapon)
 k - a +1 flail of protection
Missiles
 f - 29 arrows
Armour
 b - a +0 animal skin
 e - a +0 ring mail (worn)
 l - a +1 chain mail of fire resistance
Jewellery
 c - an amulet of guardian spirit (around neck)
Scrolls
 g - a scroll of immolation
 h - a scroll of teleportation {unknown}
 i - a scroll of fog {unknown}
Potions
 d - a potion of heal wounds {unknown}
 j - 2 potions of flight {unknown}


   Skills:
 + Level 3.6 Fighting
 * Level 4.5 Maces & Flails
 + Level 2.7 Armour
 + Level 1.9 Dodging


You had 3 spell levels left.
You didn't know any spells.
Your spell library was empty.

Dungeon Overview and Level Annotations

Branches:
Dungeon (4/15)
 Temple: D:4-7

Altars:
Trog

Annotations:
D:3 Natasha


Innate Abilities, Weirdness & Mutations

You are immune to sickness and miasma.
Your stone body is resilient. (AC +3)
You are immune to poison.
You resist negative energy. (rN+)
You are resistant to electric shocks. (rElec)
You are resistant to unholy torment.
You are immune to petrification.


Message History

You barely miss the giant cockroach.
The giant cockroach is severely wounded.
The giant cockroach bites you.
The giant cockroach bites you but does no damage.
You hit the giant cockroach.
You kill the giant cockroach!
Trog accepts your kill.
Items here: )) [ †††.
k - a +1 flail of protection;
l - a +1 chain mail of fire resistance Natasha, Servant of Life and Death comes into view.
She is carrying a wand of digging (4).
Natasha hisses angrily.
Natasha claws you.
You miss Natasha. Natasha claws you.
You hit Natasha.
Natasha is lightly wounded.
Natasha claws you but does no damage. Natasha claws you.
* * * LOW HITPOINT WARNING * * *
You hit Natasha.
Natasha is lightly wounded.
Natasha barely misses you. Natasha claws you.
* * * LOW HITPOINT WARNING * * *
You sock Natasha!
Natasha is severely wounded.
Natasha misses you. Natasha claws you.
* * * LOW HITPOINT WARNING * * *
You closely miss Natasha.
Natasha is severely wounded.
Natasha closely misses you. Natasha claws you but does no damage.
You hit Natasha but do no damage.
Natasha is severely wounded.
Natasha claws you.
* * * LOW HITPOINT WARNING * * *
You closely miss Natasha.
Natasha is severely wounded.
Natasha casts a spell.
Natasha claws you but does no damage.
You closely miss Natasha.
Natasha is severely wounded.
Natasha closely misses you. Natasha claws you.
You die...

## ..# .. #. .. #.## #+#.#
#!.# #.#.#
...########.#########.#.##
........)@h...........#..#
##.########5......####....
............##.'....
...$.........)>#....
#.#....###.#.####@## #
#....# ##..# #.#
#....#####.####.#
#..............@#
#..##.####.######


You could see Natasha and a white imp (summoned).

Vanquished Creatures
  Terence (D:3)
  Natasha (D:3)
  2 orcs
  2 ball pythons (D:3)
  4 endoplasms (D:1)
  A giant cockroach (D:3)
  5 goblins
  3 hobgoblins (D:1)
  2 jackals (D:1)
  3 quokkas (D:1)
  3 bats
  2 frilled lizards (D:1)
  5 rats (D:1)
34 creatures vanquished.

Notes
Turn   | Place    | Note
-------+----------+-------------------------------------------
     0 | D:1      | a11behringer the Gargoyle Berserker began the quest for the
                  | Orb.
     0 | D:1      | Reached XP level 1. HP: 14/14 MP: 1/1
   356 | D:1      | Reached XP level 2. HP: 14/19 MP: 0/2
  1013 | D:1      | Reached XP level 3. HP: 23/23 MP: 3/3
  1014 | D:1      | Reached ** piety under Trog
  1249 | D:2      | You fall into a shaft and drop 2 floors!
  1264 | D:4      | Noticed a necrophage
  1264 | D:4      | Noticed a water moccasin
  1264 | D:4      | Noticed an ogre
  1264 | D:4      | Noticed a phantom
  1269 | D:4      | Found a bloodstained altar of Trog.
  1489 | D:3      | Noticed Natasha
  1508 | D:3      | HP: 1/34 [Natasha/magic dart (2)]
  1509 | D:3      | Killed Natasha
  1510 | D:3      | Reached skill level 4 in Maces & Flails
  1510 | D:3      | Reached XP level 4. HP: 1/28 MP: 1/4
  1511 | D:3      | Noticed Terence
  1557 | D:3      | Killed Terence
  1564 | D:3      | Noticed Natasha
  1573 | D:3      | Slain by Natasha

Illustrated notes

Levels and vault maps discovered:
D:1:      scummos_arrival_simple_crosswalls, layout_basic
D:2:      layout_basic, kennysheep_generic_room_14
D:3:      layout_basic, uniq_terence, uniq_crazy_yiuf_cottage, uniq_natasha
D:4:      layout_gridville, mainiacjoe_overflow_large_starburst,
          serial_bayou_pond_a, minmay_misc_feat_tower, amethyst_killhole,
          minmay_joined_circles

Skill      XL: |  1  2  3 |
---------------+----------+-----
Maces & Flails | 4 |  4.5
Fighting       | |  3.6
Armour         | |  2.7
Dodging        | |  1.9

Action                   |  1- 3 |  4- 6 || total
-------------------------+-------+-------++-------
Melee: Mace              |   109 |    31 ||   140
Invok: Berserk           |     2 |     1 ||     3
       Trog's Hand       |       |     1 ||     1
  Use: Scroll            |     1 |       ||     1
Armor: Animal skin       |     9 |       ||     9
       Ring mail         |    87 |    33 ||   120
Dodge: Dodged            |   107 |    42 ||   149

Table legend: (Time is in decaauts)
 A = Elapsed time spent in this place.
 B = Non-inter-level travel time spent in this place.
 C = Inter-level travel time spent in this place.
 D = Time resting spent in this place.
 E = Time spent auto-exploring this place.
 F = Levels seen in this place.
 G = Mean time per level.
                   A        B        C        D        E       F      G
               +--------+--------+--------+--------+--------+-----+--------+
         Total |   1623 |   1547 |     76 |      0 |   1153 |   4 |  405.8 |
       Dungeon |   1623 |   1547 |     76 |      0 |   1153 |   4 |  405.8 |
               +--------+--------+--------+--------+--------+-----+--------+

Top non-repeatable levels by time:
     D:1: 1218 daAuts
     D:3: 296 daAuts
     D:4: 56 daAuts
     D:2: 50 daAuts
